 Dungeon Crawl Stone Soup version 0.29.1-2-gbd0b4ee654 (webtiles) character file.

Game seed: 4293759186043392864

4393 qeuew the Nimble (level 10, -4/79 HPs)
             Began as a Merfolk Gladiator on Nov 10, 2022.
             Was a Priest of Okawaru.
             Slain by a troll (6 damage)
             ... on level 8 of the Dungeon.
             The game lasted 00:13:05 (9985 turns).

qeuew the Nimble (Merfolk Gladiator)                Turns: 9985, Time: 00:13:05

Health: -4/79      AC: 24    Str: 19    XL:     10   Next: 35%
Magic:  8/10       EV: 20    Int:  8    God:    Okawaru [***...]
Gold:   507        SH:  0    Dex: 20    Spells: 9/9 levels left

rFire   . . .      SeeInvis .   a - +1 trident
rCold   . . .      Faith    .   (no shield)
rNeg    . . .      Spirit   .   h - +8 chain mail of Biman {Dex+5}
rPois   +          Reflect  .   c - +0 helmet
rElec   .          Harm     .   m - +2 cloak
rCorr   .          Rampage  .   (no gloves)
Will    .....                   (no boots)
Stlth   ..........              (no amulet)
HPRegen 0.23/turn               r - +4 ring of evasion
MPRegen 0.12/turn               o - ring of poison resistance

@: heroic
A: (nimble swimmer 2), mertail
a: Renounce Religion, Heroism


You were on level 8 of the Dungeon.
You worshipped Okawaru.
Okawaru was most pleased with you.
You visited 2 branches of the dungeon, and saw 10 of its levels.

You collected 507 gold pieces.

Inventory:

Hand Weapons
 a - a +1 trident (weapon)
Missiles
 e - a javelin (quivered)
 s - 2 throwing nets
Armour
 c - a +0 helmet (worn)
 h - the +8 chain mail of Biman (worn) {Dex+5}
   (You found it on level 2 of the Dungeon)

   Dex:       It affects your dexterity (+5).
 m - a +2 cloak (worn)
Jewellery
 o - a ring of poison resistance (right hand)
 r - a +4 ring of evasion (left hand)
Wands
 g - a wand of polymorph (17)
 l - a wand of acid (10)
 n - a wand of digging (6)
Scrolls
 f - 6 scrolls of teleportation
 k - 4 scrolls of blinking
 t - 2 scrolls of magic mapping
 u - a scroll of identify
 v - a scroll of enchant armour
Potions
 b - 7 potions of curing
 d - a potion of haste
 i - 2 potions of brilliance
 j - a potion of flight
 p - a potion of cancellation


   Skills:
 + Level 7.5(12.5) Fighting
 + Level 9.5(14.5) Polearms
 + Level 6.9(11.9) Throwing
 + Level 4.9(9.9) Armour
 + Level 9.6(14.6) Dodging


You had 9 spell levels left.
You didn't know any spells.
Your spell library contained the following spells:

 Spells                   Type           Power      Damage    Failure   Level
 Apportation              Tloc           0%         N/A       98%         1
 Shock                    Conj/Air       0%         1d3       98%         1
 Scorch                   Fire           0%         2d5       99%         2
 Frozen Ramparts          Ice            0%         1d1       100%        3
 Swiftness                Air            0%         N/A       100%        3
 Airstrike                Air            0%         2d(0-16)  100%        4
 Flame Wave               Conj/Fire      0%         2d4       100%        4
 Ice Form                 Ice/Tmut       0%         N/A       100%        4
 Petrify                  Tmut/Erth      0%         N/A       100%        4
 Alistair's Intoxication  Tmut/Pois      0%         N/A       100%        5
 Lightning Bolt           Conj/Air       0%         1d11      100%        5
 Metabolic Englaciation   Hex/Ice        0%         N/A       100%        5
 Statue Form              Tmut/Erth      0%         N/A       100%        6
 Summon Ice Beast         Ice/Summ       Unusable   N/A       N/A         4
 Summon Lightning Spire   Summ/Air       Unusable   N/A       N/A         4
 Summon Cactus Giant      Summ           Unusable   N/A       N/A         6

Dungeon Overview and Level Annotations

Branches:
Dungeon (9/15)             Temple (1/1) D:4
   Lair: D:8-11         Orc: D:9-12

Altars:
Cheibriados
Dithmenos
Elyvilon
Fedhas
Kikubaaqudgha
Makhleb
Nemelex Xobeh
Okawaru
Qazlal
Ru
Sif Muna
Trog
Uskayaw
Xom
Yredelemnul
Zin
The Shining One

Annotations:
D:6 3 runed translucent doors, hilljack's ghost, novice GrIE
Temple 2 transporters


Innate Abilities, Weirdness & Mutations

((You are very nimble when in or above water. (Stealth+, EV+, Speed+++)))
Your lower body shifts to a powerful aquatic tail in water.


Message History

You feel much better.
The troll barely misses you. x3; The yak misses you.
You hit the yak but do no damage.
The yak is severely wounded.
The troll bites you but does no damage. The troll claws you.
* * * LOW HITPOINT WARNING * * *
The troll claws you!
* * * LOW HITPOINT WARNING * * *
The yak misses you.
Okay, then.
You gain the combat prowess of a mighty hero.
The troll misses you. x2; The troll closely misses you.
The yak closely misses you.
You puncture the yak!
The yak is almost dead.
You puncture the yak!
You kill the yak!
Okawaru accepts your kill. The troll bites you but does no damage.
The troll completely misses you. x2
You hit the troll but do no damage. The troll misses you. x2
The troll barely misses you.
You hit the troll but do no damage. You barely miss the troll.
The troll barely misses you. The troll claws you but does no damage.
The troll misses you.
You hit the troll.
The troll is lightly wounded.
You barely miss the troll.
The troll is lightly wounded.
The troll bites you but does no damage. The troll claws you but does no damage.
The troll barely misses you.
You hit the troll.
The troll is lightly wounded.
The troll bites you but does no damage. The troll barely misses you. x2
You barely miss the troll. Your punch misses the troll.
The troll is lightly wounded.
You puncture the troll!
The troll is moderately wounded.
The troll bites you!
* * * LOW HITPOINT WARNING * * *
The troll completely misses you. The troll claws you.
You die...

#########
#......@########
#.#####T.......# #.#
#....###.######### #.#
#................. #.#
#.######..######.#
#.#####...............##
#...............#####..#
##.#.#.######...#.....#.
#...<..........#..)..#.


You could see a troll.

Vanquished Creatures
  A hornet (D:8)
  Grinder (D:6)
  Prince Ribbit (D:5)
  6 yaks
  Menkaure (D:4)
  A water moccasin (D:6)
  An acid dragon (D:8)
  Duvessa (D:7)
  A sky beast (D:8)
  5 black bears
  2 ice beasts (D:5)
  A phantom (D:4)
  Blork the orc (D:4)
  3 necrophages
  A bullfrog (D:7)
  3 scorpions (D:5)
  Dowan (D:7)
  4 wights (D:6)
  A howler monkey (D:5)
  2 orc priests (D:8)
  4 hounds
  Crazy Yiuf (D:4)
  A gnoll bouda (D:8)
  4 jellies
  3 iguanas
  6 orc wizards
  10 gnolls
  A river rat (D:5)
  8 adders
  A shadow imp (D:7)
  2 white imps
  3 ufetubi
  A worm (D:2)
  3 dart slugs
  20 orcs
  16 ball pythons
  4 bats
  4 endoplasms
  8 giant cockroaches
  8 goblins
  10 hobgoblins
  2 jackals (D:3)
  9 kobolds
  7 quokkas
  5 frilled lizards
  3 rats
182 creatures vanquished.

Vanquished Creatures (others)
  A giant cockroach (D:5)
  A fungus (D:2)
  2 plants
4 creatures vanquished.

Grand Total: 186 creatures vanquished

Notes
Turn   | Place    | Note
-------+----------+-------------------------------------------
     0 | D:1      | qeuew the Merfolk Gladiator began the quest for the Orb.
     0 | D:1      | Reached XP level 1. HP: 16/16 MP: 1/1
   219 | D:1      | Reached XP level 2. HP: 20/23 MP: 2/2
   975 | D:2      | Found a faded altar of an unknown god.
  1047 | D:2      | Reached XP level 3. HP: 28/28 MP: 3/3
  1454 | D:2      | Identified the +8 chain mail of Biman {Dex+5}
  1650 | D:3      | Reached XP level 4. HP: 34/34 MP: 4/4
  2142 | D:3      | Reached skill level 1 in Armour
  2491 | D:4      | Noticed a black bear
  2492 | D:4      | Noticed Menkaure
  2526 | D:3      | Killed a black bear
  2527 | D:3      | Reached skill level 5 in Polearms
  2527 | D:3      | Reached skill level 5 in Dodging
  2527 | D:3      | Reached XP level 5. HP: 10/41 MP: 5/5
  2783 | D:4      | Killed Menkaure
  2784 | D:4      | Reached XP level 6. HP: 17/48 MP: 6/6
  3083 | D:4      | Reached XP level 7. HP: 41/54 MP: 7/7
  3424 | D:4      | Noticed Blork the orc
  3436 | D:4      | Killed Blork the orc
  3745 | D:4      | Found a runed translucent door.
  3746 | D:4      | Noticed Crazy Yiuf
  3822 | D:4      | Reached XP level 8. HP: 44/61 MP: 8/8
  3924 | D:4      | Found a staircase to the Ecumenical Temple.
  3989 | Temple   | Entered the Ecumenical Temple
  3989 | Temple   | Found a transporter.
  3989 | Temple   | Found a transporter.
  3993 | Temple   | Found a transporter.
  3993 | Temple   | Found a transporter.
  4011 | Temple   | Became a worshipper of Warmaster Okawaru
  4323 | D:4      | Killed Crazy Yiuf
  4358 | D:5      | Entered Level 5 of the Dungeon
  4358 | D:5      | Noticed Prince Ribbit
  4368 | D:5      | Killed Prince Ribbit
  4369 | D:5      | Reached skill level 5 in Fighting
  4762 | D:5      | Found a shimmering altar of Xom.
  4810 | D:5      | Reached * piety under Okawaru
  4811 | D:5      | Reached skill level 5 in Throwing
  4998 | D:5      | Reached XP level 9. HP: 28/69 MP: 9/9
  5830 | D:6      | Noticed Grinder
  6059 | D:6      | Found a glowing golden altar of the Shining One.
  6691 | D:6      | Reached ** piety under Okawaru
  6927 | D:6      | Found a runed translucent gate.
  6927 | D:6      | Found a runed translucent gate.
  6927 | D:6      | Found a runed translucent gate.
  7097 | D:6      | Paralysed by Grinder for 5 turns
  7114 | D:6      | Killed Grinder
  7313 | D:6      | Noticed hilljack's ghost (novice GrIE)
  7542 | D:7      | Noticed Dowan
  7550 | D:7      | Killed Dowan
  7552 | D:7      | Noticed Duvessa
  7576 | D:7      | Killed Duvessa
  8305 | D:7      | Found a sacrificial altar of Ru.
  8752 | D:8      | Noticed a hornet
  8767 | D:8      | Reached XP level 10. HP: 59/79 MP: 10/10
  8917 | D:8      | Reached *** piety under Okawaru
  9374 | D:8      | Found a white marble altar of Elyvilon.
  9869 | D:8      | Found a burning altar of Makhleb.
  9985 | D:8      | HP: 2/79 [troll (12)]
  9985 | D:8      | Slain by a troll

Illustrated notes

Levels and vault maps discovered:
D:1:      psy_arrival_radial02, layout_loops_ring,
          nicolae_concentric_dashed_squares_mild, nrook_loot_triangle
D:2:      layout_basic, dreamdust_ecumenical_altar_grove
D:3:      layout_loops_corners, kennysheep_generic_room_5
D:4:      minmay_chambers_of_twos, layout_rooms, minmay_temple_entry_overgrown,
          minmay_quantized, uniq_menkaure, uniq_crazy_yiuf_cottage,
          uniq_blork_the_orc
D:5:      layout_rooms, xom_confusion_cloud, portal_sewer_entry_b,
          mrwooster_statue_mirror, uniq_prince_ribbit1
D:6:      layout_layer_cave, kennysheep_mini, gammafunk_ghost_icy, uniq_grinder
D:7:      layout_loops_ring, nicolae_ru_path_of_blood, uniq_duvessa
D:8:      layout_loops_ring, general_overflow_altar,
          nicolae_overflow_hidden_temple, enter_bailey_2
D:9:      layout_rooms, nzn_wu_jian_contemplation, uniq_grum, uniq_erica
Temple:   hellmonk_temple_divided_pantheon

Skill      XL: |  1  2  3  4  5  6  7  8  9 |
---------------+----------------------------+-----
Armour         | 1 2 3 4 |  4.9
Fighting       | 3 4 5 7 |  7.5
Polearms       | 5 6 7 9 |  9.5
Throwing       | 3 4 5 6 |  6.9
Dodging        | 5 6 7 9 |  9.6

Action                   |  1- 3 |  4- 6 |  7- 9 | 10-12 || total
-------------------------+-------+-------+-------+-------++-------
Melee: Trident           |   101 |   115 |   555 |   143 ||   914
       Punch             |     2 |     1 |     4 |     1 ||     8
       Tailslap          |       |       |     3 |       ||     3
Throw: Throwing net      |       |     2 |     2 |       ||     4
Invok: Heroism           |       |       |       |     1 ||     1
  Use: Scroll            |     3 |     4 |     5 |     1 ||    13
       Potion            |       |       |     6 |     1 ||     7
 Stab: Sleeping          |     1 |       |       |       ||     1
       Held in net/web   |       |     2 |       |       ||     2
Armor: Leather armour    |     3 |       |       |       ||     3
       Ring mail         |    15 |       |       |       ||    15
       Chain mail        |     4 |    78 |   315 |    68 ||   465
Dodge: Dodged            |    33 |    39 |   249 |   106 ||   427
